 Dungeon Crawl Stone Soup version 0.23.2-40-g277498a (webtiles) character file.

Game seed: 17974022640874102405

203 silentkaos13 the Sneak (level 5, -1/35 HPs)
             Began as an Octopode Earth Elementalist on Oct 5, 2019.
             Slain by a gnoll
             ... wielding a +0 spear
              (7 damage)
             ... on level 4 of the Dungeon.
             The game lasted 00:07:02 (3148 turns).

silentkaos13 the Sneak (OpEE)                       Turns: 3148, Time: 00:07:02

Health: -1/35      AC:  1    Str:  7    XL:     5   Next: 81%
Magic:  11/17      EV: 13    Int: 19    God:
Gold:   157        SH:  3    Dex: 12    Spells: 1/9 levels left

rFire    . . .     SeeInvis +   l - +2 spear (venom)
rCold    . . .     Gourm    .   t - +0 buckler
rNeg     . . .     Faith    .   (helmet restricted)
rPois    .         Spirit   .   (no amulet)
rElec    .         Reflect  .   d - ring of magical power
rCorr    .         Harm     .   e - ring of stealth
MR       .....                  f - ring of see invisible
Stlth    +++++.....             (no ring)
HPRegen  0.11/turn              (no ring)
MPRegen  0.15/turn              (no ring)
                                (no ring)
                                (no ring)

@: no status effects
A: almost no armour, stealthy swim, amphibious, 8 rings, constrict 8, camouflage
1, gelatinous body 1
a: no special abilities


You were on level 4 of the Dungeon.
You were not hungry.

You visited 1 branch of the dungeon, and saw 4 of its levels.

You collected 157 gold pieces.

Inventory:

Hand Weapons
 l - a +2 spear of venom (weapon)
Missiles
 b - 102 stones (quivered)
Armour
 t - a +0 buckler (worn)
Jewellery
 d - a ring of magical power (left tentacle)
 e - a ring of stealth (right tentacle)
 f - a ring of see invisible (on tentacle)
 p - an uncursed ring of wizardry {unknown}
 s - a +3 ring of slaying
Scrolls
 h - 4 scrolls of teleportation
 j - a scroll of random uselessness {unknown}
 m - 2 scrolls of remove curse {unknown}
 q - 2 scrolls of enchant armour {unknown}
 u - a scroll of magic mapping {unknown}
 v - a scroll of identify
Potions
 a - a potion of magic {unknown}
 g - a potion of berserk rage {unknown}
 i - 2 potions of mutation {unknown}
 k - 2 potions of lignification {unknown}
 n - a potion of agility {unknown}
 o - a potion of flight {unknown}
 r - a potion of heal wounds {unknown}
Comestibles
 c - 4 rations


   Skills:
 * Level 2.4 Fighting
 - Level 0.1 Polearms
 + Level 2.3 Dodging
 + Level 5.2 Stealth
 * Level 0.2 Shields
 + Level 2.5 Spellcasting
 * Level 1.1 Transmutations
 + Level 3.9 Earth Magic


You had one spell level left.
You knew the following spells:

 Your Spells              Type           Power        Failure   Level  Hunger
a - Sandblast             Erth           ###...       5%          1    #......
b - Stone Arrow           Conj/Erth      #.....       34%         3    ###....
c - Petrify               Tmut/Erth      ##......     67%         4    #####..

Your spell library contained the following spells:

 Spells                   Type           Power        Failure   Level  Hunger
 Passwall                 Tmut/Erth      ##......     14%         2    ##.....
 Lee's Rapid Deconstruct  Erth           ###.......   82%         5    ######.


Dungeon Overview and Level Annotations

Branches:
Dungeon (4/15)
 Temple: D:4-7

Altars:
Xom


Innate Abilities, Weirdness & Mutations

You cannot wear most types of armour.
You are very stealthy in the water. (Stealth+)
You are amphibious.
You can wear up to eight rings at the same time.
You can use your tentacles to constrict eight enemies at once.
Your skin changes colour to match your surroundings (Stealth+).
Your rubbery body absorbs attacks. (AC +1, EV +1)


Message History

You see here a gnoll corpse.
Casting: Stone Arrow (safe; 34% risk of failure)
Confirm with . or Enter, or press ? or * to list all spells.
Aiming: Sandblast (safe; 5% risk of failure)
Press: ? - help, Shift-Dir - straight line, f - gnoll
Aim: a gnoll, wielding a +0 spear The blast of sand hits the gnoll but does no damage.
b - 103 stones The gnoll hits you from afar with a +0 spear.
* * * LOW HITPOINT WARNING * * *
Casting: Sandblast (safe; 5% risk of failure)
Confirm with . or Enter, or press ? or * to list all spells.
Aiming: Sandblast (safe; 5% risk of failure)
Press: ? - help, Shift-Dir - straight line, f/p - gnoll
Aim: a gnoll, wielding a +0 spear The blast of sand hits the gnoll.
The gnoll is lightly wounded.
b - 102 stones The gnoll hits you from afar with a +0 spear!
You die...

#######
#.# #..#
#.# #..#
. #.#
#..# #
#.####..#
.
#.......#
..
#####...#
## #.<.#
# #...#
#.#.#g.@#
#.......#
###.##.)#
.......)#
###.###.#
# #.# #.#
#.# #.#


You could see a gnoll.

Vanquished Creatures
  A hound (D:4)
  An orc wizard (D:3)
  A hound skeleton (D:4)
  3 gnolls (D:4)
  2 adders
  An ooze (D:3)
  An adder skeleton (D:4)
  3 worms
  2 dart slugs (D:2)
  2 leopard geckos (D:2)
  7 orcs (D:3)
  7 bats
  2 giant cockroaches
  10 goblins
  3 hobgoblins
  4 jackals (D:2)
  A quokka (D:2)
  4 frilled lizards
  2 kobolds (D:2)
  4 rats
61 creatures vanquished.

Notes
Turn   | Place    | Note
-------+----------+-------------------------------------------
     0 | D:1      | silentkaos13 the Octopode Earth Elementalist began the
                  | quest for the Orb.
     0 | D:1      | Reached XP level 1. HP: 11/11 MP: 3/3
   333 | D:1      | Reached XP level 2. HP: 17/17 MP: 3/5
   776 | D:2      | Reached skill level 3 in Stealth
   953 | D:2      | Reached XP level 3. HP: 15/21 MP: 6/6
  1174 | D:2      | Learned a level 3 spell: Stone Arrow
  1189 | D:2      | Reached skill level 1 in Fighting
  1443 | D:2      | Found a shimmering altar of Xom.
  1762 | D:3      | Reached XP level 4. HP: 28/28 MP: 7/7
  2143 | D:3      | Reached skill level 4 in Stealth
  2143 | D:3      | Reached XP level 5. HP: 20/34 MP: 8/8
  2149 | D:3      | Learned a level 4 spell: Petrify
  2781 | D:4      | Reached skill level 5 in Stealth
  3148 | D:4      | Slain by a gnoll

Skill      XL: |  1  2  3  4  5 |
---------------+----------------+-----
Stealth        | 3 4 5 |  5.2
Fighting       | 1 2 |  2.4
Polearms       | |  0.1
Dodging        | |  2.3
Shields        | |  0.2
Spellcasting   | |  2.5
Transmutations | |  1.1
Earth Magic    | |  3.9

Action                   |  1- 3 |  4- 6 || total
-------------------------+-------+-------++-------
Melee: Unarmed           |     7 |       ||     7
       Spear             |    40 |    57 ||    97
       Constrict         |    11 |    14 ||    25
       Tentacles         |     5 |     8 ||    13
 Cast: Sandblast         |    15 |    11 ||    26
       Stone Arrow       |       |     3 ||     3
  Use: Scroll            |     3 |       ||     3
 Stab: Sleeping          |     7 |     5 ||    12
  Eat: Chunk             |     2 |     3 ||     5
       Ration            |       |     1 ||     1
Armor: Skin              |     3 |     5 ||     8
Dodge: Dodged            |    28 |    39 ||    67
